 Dungeon Crawl Stone Soup version 0.28.0-45-g0d030f2227 (webtiles) character file.

Game seed: 777736056408800546

39837 nickcage the Thaumaturge (level 14, -1/92 HPs)
             Began as a Djinni Ice Elementalist on Apr 5, 2022.
             Was a High Priest of Hepliaklqana.
             Slain by a snapping turtle (27 damage)
             ... on level 6 of the Lair of Beasts.
             The game lasted 01:41:53 (23360 turns).

nickcage the Thaumaturge (Djinni Ice Elementalist) Turns: 23360, Time: 01:41:54

Health: -1/92      AC:  6    Str: 17    XL:     14   Next: 41%
Gold:   1089       EV: 17    Int: 21    God:    Hepliaklqana [*****.] SH:  6 Dex: 15

rFire   + + +      SeeInvis +   j - +11 long sword of Coroteul {venom, Str+4}
rCold   x . .      Faith    .   G - +0 buckler
rNeg    . . .      Spirit   .   w - +2 robe {rF+}
rPois   ∞          Reflect  .   (no helmet)
rElec   .          Harm     .   y - +1 cloak
rCorr   .          Rampage  .   (no gloves)
Will    +....                   (boots unavailable)
Stlth   ++........              k - amulet of the acrobat
HPRegen 0.25/turn               C - +6 ring of strength
MPRegen 0.00/turn               Q - ring of see invisible

@: flying, mesmerised
A: reduced essence, sickness immunity, fire resistance 2, cold vulnerability 1,
float, innate caster, HP casting, extra vitality 1
a: Renounce Religion, Recall Ancestor, Ancestor Identity, Transference, Idealise


You were on level 6 of the Lair of Beasts.
You worshipped Hepliaklqana.
Hepliaklqana was extremely pleased with you.
You visited 3 branches of the dungeon, and saw 16 of its levels.

You collected 1089 gold pieces.

Inventory:

Hand Weapons
 j - the +11 long sword of Coroteul (weapon) {venom, Str+4}
   (You found it on level 2 of the Dungeon)

   It poisons the flesh of those it strikes.
   Str:       It affects your strength (+4).
Armour
 l - a +1 ring mail of fire resistance
 w - a +2 robe of fire resistance (worn)
 y - a +1 cloak (worn)
 A - a scarf of resistance
 G - a +0 buckler (worn)
 V - a +2 kite shield
Jewellery
 k - an amulet of the acrobat (around neck)
 C - a +6 ring of strength (left hand)
 Q - a ring of see invisible (right hand)
Wands
 m - a wand of iceblast (24)
 n - a wand of flame (32)
 v - a wand of acid (11)
 I - a wand of mindburst (3)
 M - a wand of digging (6)
 N - a wand of charming (3)
 S - a wand of paralysis (7)
Scrolls
 a - 2 scrolls of identify
 b - a scroll of fog {unknown}
 d - 4 scrolls of teleportation
 e - 2 scrolls of vulnerability
 g - a scroll of silence {unknown}
 q - a scroll of acquirement {unknown}
 r - 4 scrolls of immolation {unknown}
 u - 2 scrolls of blinking
 D - a scroll of enchant armour {unknown}
 E - a scroll of enchant weapon {unknown}
 L - a scroll of noise {unknown}
 T - 3 scrolls of magic mapping
 U - a scroll of amnesia {unknown}
Potions
 f - a potion of invisibility
 i - a potion of mutation
 o - 4 potions of might
 p - a potion of flight
 t - 3 potions of haste
 z - 3 potions of berserk rage
 B - 5 potions of curing
 J - a potion of ambrosia
Miscellaneous
 h - a tin of tremorstones (2/2)
 O - a lightning rod (4/4)


   Skills:
 * Level 10.5 Fighting
 - Level 7.0 Long Blades
 - Level 3.2 Armour
 - Level 10.1 Dodging
 - Level 1.5 Stealth
 - Level 8.2 Shields
 + Level 12.8 Spellcasting
 * Level 1.6 Invocations


You had 8 spell levels left.
You knew the following spells:

 Your Spells              Type           Power      Damage    Failure   Level
a - Freeze                Ice            100%       1d11      1%          1
b - Frozen Ramparts       Ice            100%       1d12      1%          3
c - Ozocubu's Armour      Ice            61%        N/A       1%          3
d - Hailstorm             Conj/Ice       61%        3d13      1%          4
e - Shock                 Conj/Air       100%       1d9       1%          1
f - Ensorcelled Hibernat  Hex/Ice        100%       N/A       1%          2
g - Ignite Poison         Fire/Tmut/Pois 61%        N/A       1%          3
h - Sticky Flame          Conj/Fire      61%        2d8       1%          4
i - Passage of Golubria   Tloc           61%        N/A       1%          4
j - Alistair's Intoxicat  Tmut/Pois      40%        N/A       1%          5
Your spell library was empty.

Dungeon Overview and Level Annotations

Branches:
Dungeon (9/15)             Temple (1/1) D:7            Lair (6/6) D:9
 Shoals (0/4) Lair:2        Snake (0/4) Lair:3
  Slime: Lair:5-6       Orc: D:9-12

Altars:
Ashenzari
Cheibriados
Dithmenos
Elyvilon
Fedhas
Gozag
Hepliaklqana
Kikubaaqudgha
Makhleb
Nemelex Xobeh
Okawaru
Qazlal
Sif Muna
Trog
Uskayaw
Vehumet
Wu Jian
Xom
Yredelemnul
Zin
The Shining One

Shops:
D:4 (   D:8 [

Annotations:
Lair:4 3 runed translucent doors, Icepheonix32's ghost, journeyman DsFi


Innate Abilities, Weirdness & Mutations

Your life essence is reduced to manifest your ancestor. (-10% HP)
You are immune to sickness and miasma.
You are immune to poison.
Your flesh is very heat resistant. (rF++)
You are vulnerable to cold. (rC-)
You float through the air rather than walking.
You learn spells naturally, not from books.
Your magical power is your life essence.
You have superior vitality. (+4 MHP)


Message History

The harpy is heavily wounded.
The pull of its song draws you forwards.
You swap places with Aula.
The frozen ramparts melt away as you move.
The shadowy forms in the deep grow still as others approach.
The harpy closely misses you. The harpy barely misses you.
A blink frog comes into view.
You block the snapping turtle's attack. The blink frog hits you!
The merfolk avatar chants its luring song.
Casting: Shock (safe; 1% risk of failure)
Confirm with . or Enter, or press ? or * to list all spells.
Aiming: Sticky Flame (safe; 1% risk of failure)
Press: ? - help, Shift-Dir - straight line, f - blink frog, p - harpy
Aim: a blink frog (100% to hit)
The sticky flame hits the blink frog!
The blink frog is moderately wounded.
The blink frog is covered in liquid flames!
The flames covering the blink frog go out.
The blink frog stops burning.
The blink frog is engulfed in a cloud of scalding steam.
The blink frog barely misses you. You block the snapping turtle's attack.
The harpy barely misses you. The harpy claws you but does no damage.
The merfolk avatar chants its luring song.
Casting: Sticky Flame (safe; 1% risk of failure)
Confirm with . or Enter, or press ? or * to list all spells.
Aiming: Sticky Flame (safe; 1% risk of failure)
Press: ? - help, Shift-Dir - straight line, f - harpy, p - blink frog
Aim: a harpy (heavily wounded, 100% to hit)
The sticky flame hits the harpy!
The harpy is severely wounded.
The harpy is covered in liquid flames!
The harpy burns!
The harpy is engulfed in a cloud of scalding steam.
You block the harpy's attack. The harpy claws you!
* * * LOW HITPOINT WARNING * * *
The blink frog is engulfed in a cloud of scalding steam.
The blink frog closely misses you.
The harpy is engulfed in a cloud of scalding steam.
The harpy completely misses you. The harpy misses you.
The snapping turtle bites you from afar!!
You die...

...# ...# ###### #
...###.#..#######.## .
...........≈≈≈P#.#≈## .#
.....≈.≈.≈.≈≈....≈≈≈ ≈.≈
.....≈##≈≈##.≈##.≈##≈≈#
.....†≈#≈≈##≈≈##≈≈≈≈≈≈##
.....≈≈.≈≈≈≈≈≈≈≈#R≈≈≈.≈≈
......≈≈≈≈≈≈≈≈≈†@H≈.≈≈≈≈
......##≈########F≈#.###
.....≈##≈≈≈


tm# .......≈≈≈≈≈ W#.≈ .....≈.. ≈≈ ≈≈≈≈≈ ......#≈. ## ##8≈ .....≈#≈≈# . You could
see the friendly Aula the knight, a merfolk avatar (mesmerising), a snapping
turtle, a harpy (burning, ally target), a blink frog and a drowned soul
(summoned).

Vanquished Creatures
  Nessos (Lair:6)
  5 hydras
  2 two-headed ogres
  5 death yaks
  Pikel (D:5)
  A lindwurm (Lair:5)
  Joseph (D:7)
  3 black mambas
  2 elephants (Lair:6)
  7 cane toads
  4 rime drakes
  3 komodo dragons
  A troll (D:9)
  Prince Ribbit (D:5)
  9 blink frogs
  6 dream sheep
  A meliai zombie (D:8)
  A shadow (D:9)
  3 wyverns
  A basilisk (Lair:4)
  35 yaks
  2 steam dragons
  Menkaure (D:7)
  A naga (Lair:3)
  An acid dragon (D:8)
  8 water moccasins
  A sky beast (D:8)
  2 orc warriors
  A black bear (D:5)
  3 necrophages
  2 ogres
  14 wolves
  5 centaurs
  A lemure (D:5)
  3 kobold brigands
  6 bullfrogs
  3 scorpions
  2 water moccasin skeletons (D:5)
  5 killer bees (D:9)
  3 wights (D:7)
  4 electric eels
  2 jellies
  7 hounds
  3 centaur zombies
  5 orc priests
  Crazy Yiuf (D:5)
  Ijyb (D:3)
  2 bullfrog skeletons (D:6)
  A centaur skeleton (D:7)
  Natasha (thrice) (D:3)
  4 iguanas
  2 orc wizards
  3 hound skeletons (D:4)
  A howler monkey zombie (D:6)
  Robin (D:3)
  6 gnolls
  4 adders
  A white imp (D:7)
  An ufetubus (D:4)
  2 adder skeletons (D:4)
  2 worms
  3 dart slugs
  20 orcs
  9 ball pythons
  3 bat zombies (D:6)
  5 endoplasms
  5 giant cockroaches
  17 goblins
  7 hobgoblins
  2 jackals (D:3)
  17 kobolds
  4 quokkas
  8 bats
  4 frilled lizards
  A quokka skeleton (D:3)
  11 rats
  2 rat zombies (D:6)
331 creatures vanquished.

Vanquished Creatures (collateral kills)
  2 death yaks (Lair:4)
  A sea snake (Lair:6)
  A manticore (Lair:6)
  A merfolk siren (Lair:2)
  4 cane toads
  A rime drake (Lair:1)
  5 komodo dragons
  5 blink frogs
  A hornet (Lair:6)
  3 dream sheep
  7 yaks
  2 basilisks
  3 nagas (Lair:3)
  7 water moccasins
  7 wolves
  2 bullfrogs (Lair:4)
  A hound (D:9)
  An orc (D:9)
  A kobold (D:9)
55 creatures vanquished.

Vanquished Creatures (others)
  A knight (Lair:3)
  An ancestor (D:9)
  39 fungi
  57 plants
98 creatures vanquished.

Grand Total: 484 creatures vanquished

Notes
Turn   | Place    | Note
-------+----------+-------------------------------------------
     0 | D:1      | nickcage the Djinni Ice Elementalist began the quest for
                  | the Orb.
     0 | D:1      | Reached XP level 1. HP: 15/15 MP: 0/0
   229 | D:1      | Reached XP level 2. HP: 19/22 MP: 0/0
   608 | D:1      | Reached XP level 3. HP: 19/26 MP: 0/0
   608 | D:1      | Learned a level 1 spell: Shock
   728 | D:1      | Reached skill level 1 in Fighting
   911 | D:1      | Found a faded altar of an unknown god.
  1194 | D:1      | Reached skill level 4 in Spellcasting
  1581 | D:2      | Reached XP level 4. HP: 9/32 MP: 0/0
  2160 | D:2      | Identified the +11 long sword of Coroteul {venom, Str+4}
  2596 | D:2      | Reached XP level 5. HP: 32/37 MP: 0/0
  2596 | D:2      | Learned a level 2 spell: Ensorcelled Hibernation
  2724 | D:3      | Noticed Natasha
  2727 | D:3      | Killed Natasha
  2871 | D:3      | Noticed Ijyb
  2881 | D:3      | Killed Ijyb
  3071 | D:3      | Noticed Natasha
  3073 | D:3      | Reached XP level 6. HP: 27/46 MP: 0/0
  3076 | D:3      | Killed Natasha
  3081 | D:3      | Noticed Natasha
  3256 | D:3      | Killed Natasha
  3614 | D:3      | Noticed Robin
  3617 | D:3      | Killed Robin
  3765 | D:3      | Found a broken altar of Ashenzari.
  4323 | D:4      | Reached XP level 7. HP: 48/53 MP: 0/0
  4323 | D:4      | Learned a level 3 spell: Ignite Poison
  4326 | D:4      | Reached skill level 5 in Fighting
  4507 | D:4      | Reached skill level 5 in Spellcasting
  4692 | D:4      | Found a hide-covered altar of Uskayaw.
  5001 | D:4      | Found a shadowy altar of Dithmenos.
  5086 | D:4      | Reached skill level 1 in Long Blades
  5104 | D:4      | Found a white marble altar of Elyvilon.
  5205 | D:4      | Found Ubapsif's Weapon Shop.
  5443 | D:5      | Entered Level 5 of the Dungeon
  5460 | D:5      | Noticed Prince Ribbit
  5466 | D:5      | Killed Prince Ribbit
  5467 | D:5      | Reached XP level 8. HP: 49/59 MP: 0/0
  5484 | D:5      | Reached skill level 6 in Spellcasting
  5625 | D:5      | Found a glowing golden altar of the Shining One.
  6161 | D:5      | Noticed Pikel
  6167 | D:5      | Killed Pikel
  6168 | D:5      | Reached skill level 7 in Spellcasting
  6168 | D:5      | Reached XP level 9. HP: 47/66 MP: 0/0
  6168 | D:5      | Learned a level 4 spell: Sticky Flame
  6748 | D:5      | Found a runed translucent door.
  6749 | D:5      | Noticed Crazy Yiuf
  6755 | D:5      | Paralysed by Crazy Yiuf for 6 turns
  6762 | D:5      | Killed Crazy Yiuf
  7218 | D:6      | Found a hazy altar of Hepliaklqana.
  8042 | D:7      | Noticed Menkaure
  8049 | D:7      | Killed Menkaure
  8050 | D:7      | Reached skill level 8 in Spellcasting
  8250 | D:7      | Noticed a cyclops
  8840 | D:7      | Reached XP level 10. HP: 62/73 MP: 0/0
  9139 | D:7      | Noticed Joseph
  9145 | D:7      | Killed Joseph
  9146 | D:7      | Reached skill level 1 in Armour
  9146 | D:7      | Reached skill level 9 in Spellcasting
  9238 | D:7      | Found a shimmering altar of Xom.
  9690 | D:7      | Identified the +7 battleaxe of Ru's Benevolence {drain,
                  | +Blink rC- Dex+6 Stlth+}
 10054 | D:7      | Found a staircase to the Ecumenical Temple.
 10061 | Temple   | Entered the Ecumenical Temple
 10206 | D:6      | Became a worshipper of Hepliaklqana the Forgotten
 10420 | D:8      | Found Vusheg's Armour Shop.
 10524 | D:8      | Noticed a two-headed ogre
 10531 | D:8      | Killed a two-headed ogre
 10675 | D:8      | Reached XP level 11. HP: 38/79 MP: 0/0
 10675 | D:8      | Learned a level 4 spell: Passage of Golubria
 10961 | D:8      | Reached skill level 10 in Spellcasting
 11096 | D:8      | Found a stormy altar of Qazlal.
 11303 | D:8      | Reached skill level 1 in Shields
 11777 | D:9      | Found a staircase to the Lair.
 11802 | D:9      | Reached skill level 5 in Dodging
 12549 | D:9      | Reached * piety under Hepliaklqana
 12837 | D:9      | Found an opulent altar of Gozag.
 12979 | D:9      | Noticed a two-headed ogre
 13000 | D:9      | Killed a two-headed ogre
 13001 | D:9      | Reached skill level 5 in Shields
 13345 | D:9      | Found an iron altar of Okawaru.
 13654 | Lair:1   | Entered Level 1 of the Lair of Beasts
 13721 | Lair:1   | Noticed a seven-headed hydra
 13729 | Lair:1   | Killed an eight-headed hydra
 14155 | Lair:1   | Reached ** piety under Hepliaklqana
 14156 | Lair:1   | Remembered your ancestor Aula as a knight
 14312 | Lair:1   | Noticed a four-headed hydra
 14319 | Lair:1   | Killed a four-headed hydra
 14320 | Lair:1   | Reached XP level 12. HP: 51/79 MP: 0/0
 15854 | Lair:2   | Found a staircase to the Shoals.
 16055 | Lair:2   | Reached *** piety under Hepliaklqana
 16537 | Lair:3   | Noticed a four-headed hydra
 16545 | Lair:3   | Killed a four-headed hydra
 16747 | Lair:3   | Found a staircase to the Snake Pit.
 16786 | Lair:3   | Reached XP level 13. HP: 73/86 MP: 0/0
 16786 | Lair:3   | Learned a level 5 spell: Alistair's Intoxication
 16788 | Lair:3   | Reached skill level 10 in Dodging
 16791 | Lair:3   | Reached skill level 10 in Fighting
 17650 | Lair:3   | Reached **** piety under Hepliaklqana
 17980 | Lair:4   | Reached skill level 5 in Long Blades
 17983 | Lair:4   | Reached skill level 11 in Spellcasting
 18356 | Lair:4   | Noticed a five-headed hydra
 18363 | Lair:4   | Killed a five-headed hydra
 18684 | Lair:4   | Found a runed translucent gate.
 18684 | Lair:4   | Found a runed translucent gate.
 18684 | Lair:4   | Found a runed translucent gate.
 19345 | Lair:4   | Noticed Icepheonix32's ghost (journeyman DsFi)
 19777 | Lair:5   | Reached ***** piety under Hepliaklqana
 20567 | Lair:5   | Reached skill level 12 in Spellcasting
 21061 | Lair:6   | Entered Level 6 of the Lair of Beasts
 21250 | Lair:6   | Noticed Nessos
 21537 | Lair:6   | Killed Nessos
 21538 | Lair:6   | Reached XP level 14. HP: 28/92 MP: 0/0
 22931 | Lair:6   | Reached skill level 1 in Invocations
 23360 | Lair:6   | Slain by a snapping turtle

Illustrated notes

Levels and vault maps discovered:
D:1:      wheals_arrival_shading, layout_basic,
          shapermc_ecumenical_altar_flowoftime
D:2:      layout_basic
D:3:      cheibrodos_helix_gallery, layout_loops_ring,
          nicolae_ashenzari_panopticon, minmay_starry_boxes, uniq_natasha,
          uniq_robin, uniq_ijyb
D:4:      layout_basic, nicolae_overflow_hidden_temple,
          mainiacjoe_overflow_surrounded_room, kennysheep_windowed_goal
D:5:      layout_basic, mainiacjoe_overflow_six_doors_small,
          mainiacjoe_overflow_brackets, hangedman_abyss_or_decor_stabs,
          uniq_pikel, uniq_prince_ribbit1, uniq_crazy_yiuf_cottage
D:6:      layout_rooms, overflow_temple_1_default,
          lemuel_zombie_altar_kikubaaqudgha
D:7:      layout_loops_cross, lemuel_round_altar, temple_fountains,
          hangedman_abyss_or_decor_passed, uniq_joseph, uniq_menkaure
D:8:      layout_basic, nicolae_qazlal_general_emergency, serial_shops, shop,
          minmay_misc_feat_pillars, amcnicky_mini_pool_medium
D:9:      layout_cave_pods, okawaru_altar_gauntlet_db, amcnicky_altar_gilded,
          erik_lair_island
Temple:   dpeg_three_leaves_temple
Lair:1:   layout_roguey
Lair:2:   layout_regular_city, minmay_shoals_entry_lonely_mermaid,
          serial_bayou_shore_b, grunt_megastairs_5
Lair:3:   layout_misc_corridors, guppyfry_snake_entry_island, lemuel_fruit_tree
Lair:4:   layout_gridlike, gammafunk_ghost_necromancy
Lair:5:   layout_cave_pods
Lair:6:   gammafunk_lair_ancient_temple, layout_cave_pods,
          minmay_slime_entry_pillars, nicolae_quartered_pool_super,
          serial_bayou_pond_e, uniq_nessos

Skill      XL: |  1  2  3  4  5  6  7  8  9 10 11 12 13 14 |
---------------+-------------------------------------------+-----
Fighting       | 1 3 4 5 6 7 8 9 10 | 10.5
Spellcasting   | 4 5 7 8 9 10 12 | 12.8
Long Blades    | 1 2 3 4 6 7 |  7.0
Armour         | 2 3 |  3.2
Dodging        | 4 7 9 10 | 10.1
Shields        | 6 8 |  8.2
Invocations    | 1 |  1.6
Stealth        | |  1.5

Action                   |  1- 3 |  4- 6 |  7- 9 | 10-12 | 13-15 || total
-------------------------+-------+-------+-------+-------+-------++-------
Melee: Short sword       |     4 |       |       |       |       ||     4
       Long sword        |       |     8 |    11 |    34 |    50 ||   103
 Cast: Freeze            |    44 |    17 |    24 |    12 |     3 ||   100
       Shock             |     9 |    88 |   183 |   352 |   268 ||   900
       Frozen Ramparts   |       |     4 |    16 |    36 |    17 ||    73
       Ozocubu's Armour  |       |     4 |    12 |    21 |     8 ||    45
       Hailstorm         |       |       |     3 |     1 |     4 ||     8
       Sticky Flame      |       |       |       |    27 |    51 ||    78
       Passage of Golubr |       |       |       |       |     1 ||     1
       Ignite Poison     |       |       |       |       |     1 ||     1
Invok: Ancestor Life: Kn |       |       |       |     1 |       ||     1
       Ancestor Identity |       |       |       |     1 |       ||     1
       Recall Ancestor   |       |       |       |       |     1 ||     1
  Use: Scroll            |       |       |       |    10 |     6 ||    16
       Potion            |       |       |       |       |     2 ||     2
 Stab: Sleeping          |     1 |       |       |     1 |       ||     2
       Distracted        |       |       |       |       |     1 ||     1
Armor: Robe              |     6 |    17 |    23 |    45 |    19 ||   110
Dodge: Dodged            |    34 |    28 |    53 |   121 |   108 ||   344
Block: Buckler           |       |       |       |    21 |    35 ||    56
